[Event "Early-Titled-Tuesday-Blitz-March-26-2024"]
[Site "Chess.com"]
[Date "2024.03.26"]
[Round "1"]
[White "Manukyan_Artak"]
[Black "rezamahdavi2008"]
[Result "0-1"]
[WhiteElo "2465"]
[BlackElo "2836"]
[TimeControl "180+1"]
[EndTime "8:06:00 PDT"]
[Termination "rezamahdavi2008 won on time"]

1. e4 c5 2. Nf3 d6 3. Bb5+ Nd7 4.
O-O a6 5. Bd3 Ngf6 6. Re1 g6 7.
c3 Bg7 8. Bc2 O-O 9. d4 cxd4 10.
cxd4 b5 11. e5 Nd5 12. e6 fxe6 13. Ng5 N7f6 14. Nc3 Nxc3 15. bxc3 Nd5 16. Nxh7 Kxh7 17.
Qh5+ Kg8 18. Bxg6 Nf6 19. Qh4 Qc7 20. Re3 Rf7 21. Bxf7+ Kxf7 22. Rg3 Bd7 23. Bh6 Bxh6 24. Qxh6 Rg8 25. Rxg8 Kxg8 26. Rc1 Qc4 27. h4 Bc6 28. Re1 Kf7 29. Re3 Qxa2 30. Rg3 Qb1+ 31. Kh2 Qh7 0-1

[Event "Early-Titled-Tuesday-Blitz-March-26-2024"]
[Site "Chess.com"]
[Date "2024.03.26"]
[Round "1"]
[White "dodorox"]
[Black "Ginger_GM"]
[Result "0-1"]
[WhiteElo "2111"]
[BlackElo "2578"]
[TimeControl "180+1"]
[EndTime "8:06:01 PDT"]
[Termination "Ginger_GM won on time"]

1. d4 e6 2. c4 b6 3. Nc3 Bb4 4. Bd2 Bb7 5. e3 f5 6. Nf3 Nf6 7. Bd3 O-O 8. a3 Bxc3 9. Bxc3 Ne4 10. Rc1 d6 11. O-O Rf6 12. Nd2 Rh6 13. Nxe4 fxe4 14. Be2 Qh4 15. h3 Nd7 16. Be1 Qg5 17. Kh2 Rf8 18.
Qd2 Rf3 19. Rh1 Rg6 20. Bxf3 exf3 21. g3 Nf6 22. Qc2 Ne4 23. Qd3 Rh6 24. Kg1 Qf5 25.
h4 g5 26. hxg5 Rxh1+ 0-1

[Event "Early-Titled-Tuesday-Blitz-March-26-2024"]
[Site "Chess.com"]
[Date "2024.03.26"]
[Round "1"]
[White "KacperKacprzak"]
[Black "Chessdude1987"]
[Result "0-1"]
[WhiteElo "2689"]
[BlackElo "2384"]
[TimeControl "180+1"]
[EndTime "8:06:03 PDT"]
[Termination "Chessdude1987 won by resignation"]

1. e4 e6 2. d4 d5 3. Bd3 c5 4. exd5 exd5 5. Nf3 Nf6 6. O-O cxd4 7.
Re1+ Be7 8. Nxd4 O-O 9. Bf4 Nc6 10. Nb3 Bg4 11. Qd2 Nb4 12. Nc3 Nxd3 13. Qxd3 Rc8 14. Be5 Be6 15. Rad1 Ng4 16. Bg3 Bb4 17. Nd4 Bxc3 18.
bxc3 Re8 19. Rb1 b6 20. Rb3 Qd7 21. h3 Nf6 22. Ra3 Ne4 23. Bh2 Rc4 24. Ne2 Rec8 25.
Rd1 h6 26. f3 Nd6 27. Bxd6 Qxd6 28. Rxa7 b5 29. a3 Qc5+ 30. Kh1 Qxa7 31. Rb1 R4c5 32.
Qe3 Qxa3 33. h4 Qa2 34. Rc1 Qb2 35. Kh2 Rxc3 36. Nxc3 Qxc3 37. Qf4 Qc7 38. Qxc7 Rxc7 39.
Rb1 Rc5 40. Kg3 Bf5 41. Re1 Bxc2 42. Re8+ Kh7 43. Rd8 b4 44. Rb8 b3 45. Kf4 d4 46. g4 d3 47. Ke3 Re5+ 48. Kf4 Rd5 0-1

[Event "Early-Titled-Tuesday-Blitz-March-26-2024"]
[Site "Chess.com"]
[Date "2024.03.26"]
[Round "1"]
[White "profedechess93"]
[Black "RianKapriaga"]
[Result "1-0"]
[WhiteElo "2649"]
[BlackElo "2320"]
[TimeControl "180+1"]
[EndTime "8:06:03 PDT"]
[Termination "profedechess93 won on time"]

1. e4 c6 2. d4 d5 3. Nc3 dxe4 4. Nxe4 Bf5 5. Ng3 Bg6 6. h4 h6 7.
h5 Bh7 8. Nf3 Nd7 9. Bd3 Bxd3 10.
Qxd3 e6 11. Bd2 Ngf6 12. O-O-O Be7 13. Qe2 O-O 14. Nf1 Qb6 15. g4 Nh7 16. Rg1 Ng5 17. Nxg5 Bxg5 18. Bxg5 hxg5 19. h6 Qb5 20. c4 Qa5 21. hxg7 Kxg7 22. Kb1 Rh8 23. d5 cxd5 24. cxd5 Rae8 25. Ng3 Nf6 26. Qe5 Kg6 27. f4 gxf4 28. Nh5 Qd8 29. Nxf4+ Kg7 30. g5 Kf8 31. gxf6 exd5 32.
Qg5 1-0

[Event "Early-Titled-Tuesday-Blitz-March-26-2024"]
[Site "Chess.com"]
[Date "2024.03.26"]
[Round "1"]
[White "Bala-Afiada"]
[Black "GameOverBro"]
[Result "0-1"]
[WhiteElo "1847"]
[BlackElo "2561"]
[TimeControl "180+1"]
[EndTime "8:06:05 PDT"]
[Termination "GameOverBro won by resignation"]

1. d4 Nf6 2. c4 e6 3. g3 Bb4+ 4. Bd2 Qe7 5. Nf3 O-O 6. Bg2 b6 7. O-O Bxd2 8. Nbxd2 Bb7 9. Qc2 c5 10. e4 cxd4 11. Nxd4 d6 12. e5 dxe5 13. Bxb7 Qxb7 14.
N4f3 Nc6 15. Rfe1 Nd4 16. Qc3 Nxf3+ 17. Nxf3 e4 18. Ng5 h6 19. Nh3 Rac8 20. Qe5 Rxc4 21. b3 Rc5 22. Qf4 e5 23. Qf5 Rfc8 24. g4 Qe7 25. g5 hxg5 26. Nxg5 g6 27. Qh3 Rc3 28. Qh4 Nh5 29. Rxe4 Rc1+ 30. Rxc1 Rxc1+ 31. Kg2 Qf6 32. Qg4 Nf4+ 33. Kg3 Rg1+ 0-1

[Event "Early-Titled-Tuesday-Blitz-March-26-2024"]
[Site "Chess.com"]
[Date "2024.03.26"]
[Round "1"]
[White "lluiss"]
[Black "arenal72"]
[Result "0-1"]
[WhiteElo "2214"]
[BlackElo "2607"]
[TimeControl "180+1"]
[EndTime "8:06:06 PDT"]
[Termination "arenal72 won on time"]

1. Nf3 d6 2. d4 g6 3. g3 Bg7 4. Bg2 Nf6 5. O-O O-O 6. c4 Nbd7 7. Nc3 e5 8. h3 Qe7 9. e4 exd4 10. Nxd4 c6 11.
Re1 a5 12. Be3 Nc5 13. Qc2 Be6 14. b3 Nfd7 15. Rad1 Rfd8 16. Qd2 Nf8 17. Bg5 Bf6 18.
Bxf6 Qxf6 19. f4 h5 20. Nf3 a4 21. b4 Na6 22. b5 Nc5 23. bxc6 bxc6 24. Qd4 Qxd4+ 25.
Rxd4 Rab8 26. Red1 Rb2 27. Ng5 Rc2 28. e5 Rxc3 0-1

[Event "Early-Titled-Tuesday-Blitz-March-26-2024"]
[Site "Chess.com"]
[Date "2024.03.26"]
[Round "1"]
[White "mbojan"]
[Black "Kotofeyca"]
[Result "1-0"]
[WhiteElo "2877"]
[BlackElo "2480"]
[TimeControl "180+1"]
[EndTime "8:06:11 PDT"]
[Termination "mbojan won on time"]

1. e4 c5 2. Nf3 d6 3. d4 cxd4 4.
Nxd4 Nf6 5. Nc3 a6 6. Be2 e5 7. Nb3 Be7 8. O-O O-O 9. Qd3 b5 10. a4 Bb7 11. axb5 axb5 12. Qxb5 Rxa1 13. Nxa1 Ba6 14.
Qa4 Bxe2 15. Nxe2 Nbd7 16. Be3 Qb8 17. Nb3 Rc8 18. Nc3 Qb7 19. Qa7 Qxa7 20. Bxa7 Kf8 21. f3 Bd8 22. Rd1 Ke7 23. Kf2 Bb6+ 24. Bxb6 Nxb6 25.
Ra1 Rc7 26. Nd2 d5 27. exd5 Nbxd5 28. Nxd5+ Nxd5 29. c3 Rb7 30. Ra2 Nf4 31. b4 Nd5 32. Ne4 f5 33. Ra5 fxe4 34. Rxd5 exf3 35. Rxe5+ Kd6 36.
Rc5 fxg2 37. Kxg2 Re7 38. h4 Re1 39. h5 g6 40. hxg6 hxg6 41. Kf3 Rc1 42. Kf4 Rf1+ 43.
Kg5 Rg1+ 44. Kf6 Rg3 45. Kf7 g5 46. Kf6 g4 47. Kf5 Rg1 48. Kf4 g3 49. Kf3 1-0

[Event "Early-Titled-Tuesday-Blitz-March-26-2024"]
[Site "Chess.com"]
[Date "2024.03.26"]
[Round "1"]
[White "Zavgorodniy_Sergiy"]
[Black "HanSchut"]
[Result "1-0"]
[WhiteElo "2620"]
[BlackElo "2268"]
[TimeControl "180+1"]
[EndTime "8:06:13 PDT"]
[Termination "Zavgorodniy_Sergiy won by resignation"]

1. d4 Nf6 2. c4 g6 3. Nc3 d5 4. cxd5 Nxd5 5. e4 Nxc3 6. bxc3 Bg7 7. Nf3 c5 8. Be3 Qa5 9. Qd2 Nc6 10. Rc1 cxd4 11.
cxd4 Qxd2+ 12. Kxd2 O-O 13. d5 Rd8 14. Ke1 Na5 15. Bg5 Kf8 16. Rc7 Rd7 17. Rxd7 Bxd7 18. Bd3 Rc8 19. Ke2 Nc4 20. Rc1 b5 21. a4 a6 22.
axb5 axb5 23. Nd2 Nxd2 24. Rxc8+ Bxc8 25. Bxd2 Bd7 26. Bb4 Ke8 27. Ke3 e6 28. dxe6 fxe6 29. f4 Bb2 30. g4 Bc6 31. h4 Kf7 32. e5 Bc1+ 33. Bd2 Bxd2+ 34. Kxd2 Ke7 35. Kc3 Bf3 36. g5 Bc6 37. Kb4 Kd7 38. Bxb5 Kc7 39. Bc4 Bd7 40. Kc5 Bc8 41. Bb5 Bb7 42. Be8 Kd8 43. Bf7 Ke7 44. Bg8 Kf8 45. Bxe6 1-0

[Event "Early-Titled-Tuesday-Blitz-March-26-2024"]
[Site "Chess.com"]
[Date "2024.03.26"]
[Round "1"]
[White "balack95"]
[Black "Kiborg95"]
[Result "0-1"]
[WhiteElo "2426"]
[BlackElo "2769"]
[TimeControl "180+1"]
[EndTime "8:06:14 PDT"]
[Termination "Kiborg95 won by resignation"]

1. d4 d6 2. Nf3 Nf6 3. c4 Nbd7 4. Nc3 e5 5. Bg5 h6 6. Bh4 g5 7. Bg3 Nh5 8. dxe5 Nxg3 9. hxg3 g4 10. e6 fxe6 11. Nh4 Ne5 12. e3 Bd7 13. Qc2 Qf6 14. c5 d5 15. O-O-O O-O-O 16. Kb1 Be7 17. Bb5 c6 18. Bd3 Nxd3 19. Rxd3 e5 20. Rd2 Rhg8 21.
Ka1 Rdf8 22. e4 d4 23. Nd1 Be6 24. Re1 Qf7 25. b3 Bxh4 26. gxh4 g3 27. f3 Qh5 28. Rh1 Rf4 29. Nb2 Rxh4 30. Rxh4 Qxh4 31. Nd3 Qg5 32. Rd1 h5 33. Qc1 h4 34. Qxg5 Rxg5 35. Rh1 h3 36. gxh3 g2 37. Rg1 Bxh3 38. f4 Rg3 39.
Nxe5 Re3 40. Nc4 Rf3 41. Nd2 Rf2 42. Rxg2 Bxg2 43. Nc4 Rxf4 44. e5 Bd5 45. Nd6+ Kd7 46. Nxb7 Rf2 47. Nd6 Ke6 48. Nc8 a5 49. Nd6 d3 50.
Kb1 Rf1+ 51. Kb2 d2 52. Ka3 d1=Q 0-1

[Event "Early-Titled-Tuesday-Blitz-March-26-2024"]
[Site "Chess.com"]
[Date "2024.03.26"]
[Round "1"]
[White "Polish_fighter3000"]
[Black "OPQRC"]
[Result "1-0"]
[WhiteElo "3111"]
[BlackElo "2554"]
[TimeControl "180+1"]
[EndTime "8:06:15 PDT"]
[Termination "Polish_fighter3000 won by resignation"]

1. e4 c5 2. Nf3 d6 3. d4 cxd4 4. Nxd4 Nf6 5. Nc3 g6 6. Be3 Nc6 7. f3 h5 8. Bc4 Bd7 9. Bb3 Rc8 10. Qd2 Nxd4 11. Bxd4 Bh6 12. Qf2 Qa5 13. O-O O-O 14. Bxa7 Bf4 15. Bb6 Qg5 16. Ne2 Bb5 17. Nxf4 Qxf4 18. Be3 Qe5 19. Bd4 Qg5 20. Rfe1 Bc4 21. e5 Nd5 22. exd6 Nf4 23. h4 Nh3+ 24. Kh2 Qf4+ 25.
Kxh3 Bb5 26. Qg3 Qxd4 27. Qxg6+ Kh8 28. Qxh5+ Kg8 29. Qxb5 Rc5 30. Qd3 1-0

[Event "Early-Titled-Tuesday-Blitz-March-26-2024"]
[Site "Chess.com"]
[Date "2024.03.26"]
[Round "1"]
[White "ahkashefi2800"]
[Black "Dewarfd"]
[Result "1-0"]
[WhiteElo "2591"]
[BlackElo "2162"]
[TimeControl "180+1"]
[EndTime "8:06:15 PDT"]
[Termination "ahkashefi2800 won on time"]

1. d4 Nf6 2. Nf3 g6 3. Bf4 Bg7 4. e3 O-O 5. Nbd2 d5 6. c4 c6 7. Be2 Be6 8. c5 Bg4 9. O-O Nfd7 10. b4 e5 11. Nxe5 Bxe2 12. Qxe2 Nxe5 13. Bxe5 Bxe5 14. dxe5 Re8 15. f4 a5 16. a3 b6 17. Rfd1 Nd7 18.
Rac1 axb4 19. axb4 bxc5 20. bxc5 Ra2 21. Qd3 Qa5 22.
Nb3 Qa3 23. Nd4 Qa4 24. Qc3 Rb8 25. Rb1 Rxb1 26. Rxb1 Ra3 27. Qb4 Qxb4 28. Rxb4 Rxe3 29. Nxc6 Nxc5 30. Ne7+ Kg7 31. Rd4 Nd3 32. g3 Re1+ 33.
Kg2 1-0

[Event "Early-Titled-Tuesday-Blitz-March-26-2024"]
[Site "Chess.com"]
[Date "2024.03.26"]
[Round "1"]
[White "lilleper1"]
[Black "JosefineHeinemann"]
[Result "1-0"]
[WhiteElo "2919"]
[BlackElo "2510"]
[TimeControl "180+1"]
[EndTime "8:06:20 PDT"]
[Termination "lilleper1 won by resignation"]

1. e4 e5 2. Nf3 Nc6 3. Bc4 Bc5 4.
c3 Nf6 5. d3 d6 6. a4 a5 7. Na3 h6 8. Nc2 O-O 9. Be3 Bxe3 10. Nxe3 Be6 11. O-O d5 12. exd5 Nxd5 13. Qb3 Nxe3 14. fxe3 Bxc4 15. Qxc4 Qd6 16. Nh4 Ne7 17. e4 c6 18. Rf3 Qe6 19. Qxe6 fxe6 20. Rxf8+ Rxf8 21. Ra3 Rd8 22. Rb3 Rxd3 23. Rxb7 Kf7 24.
Nf3 Rd1+ 25. Kf2 Kf6 26. Ke2 Ra1 27. b3 Ra2+ 28. Nd2 Ng6 29. g3 Ne7 30. Ra7 Ra1 31. Rxa5 Rh1 32. Nf3 Rb1 33. b4 Rb2+ 34. Ke3 g5 35. Nxe5 Rxh2 36. Ng4+ 1-0

[Event "Early-Titled-Tuesday-Blitz-March-26-2024"]
[Site "Chess.com"]
[Date "2024.03.26"]
[Round "1"]
[White "Incognito_Knight"]
[Black "RamonManon0g"]
[Result "1-0"]
[WhiteElo "2722"]
[BlackElo "2386"]
[TimeControl "180+1"]
[EndTime "8:06:20 PDT"]
[Termination "Incognito_Knight won by resignation"]

1. e4 c5 2. d4 cxd4 3. Qxd4 Nc6 4. Qd3 e5 5. Nc3 h6 6. Nf3 Nf6 7. Be2 d6 8. O-O Be7 9. a3 O-O 10. h3 a6 11. Be3 b5 12. Rfd1 Bb7 13. Nh4 Na5 14.
Nf5 Nc4 15. Bxh6 Nxb2 16. Qg3 g6 17. Nxe7+ Qxe7 18. Bxf8 Rxf8 19. Rdb1 Nc4 20. Bxc4 bxc4 21. Qe3 Bc8 22. Rd1 Nh5 23. Nd5 Qh4 24. Qh6 Re8 25.
Rab1 Be6 26. Nc7 Bxh3 27. Nxe8 Qg4 28. Qg7+ Nxg7 29. Nf6+ Kf8 30. Nxg4 Bxg4 31. Rxd6 1-0

[Event "Early-Titled-Tuesday-Blitz-March-26-2024"]
[Site "Chess.com"]
[Date "2024.03.26"]
[Round "1"]
[White "ajedrezsinlimites"]
[Black "KnightmareJoker"]
[Result "1/2-1/2"]
[WhiteElo "2623"]
[BlackElo "2294"]
[TimeControl "180+1"]
[EndTime "8:06:20 PDT"]
[Termination "Game drawn by repetition"]

1. e4 e5 2. Nf3 Nc6 3. Bb5 a6 4. Ba4 Nf6 5. O-O b5 6. Bb3 Bc5 7. a4 Rb8 8. c3 d6 9. d4 Bb6 10. a5 Ba7 11. dxe5 Nxe5 12. Nxe5 dxe5 13. Qxd8+ Kxd8 14. Bxf7 Nxe4 15. Bd5 Bb7 16. Bxe4 Bxe4 17. Re1 Bxb1 18. Rxb1 Rf8 19. Be3 Bxe3 20. Rxe3 Rf5 21. Rbe1 b4 22. c4 Kd7 23. Rxe5 Rbf8 24. f3 R8f6 25. b3 Kd6 26. Rxf5 Rxf5 27. Rd1+ Kc6 28.
Ra1 Kc5 29. Rd1 Kc6 30. Ra1 Kc5 31. Ra4 Rf6 32. Kf2 Rd6 33. Ke2 Re6+ 34. Kf2 Rd6 35. Ke2 Re6+ 36. Kf2 Rd6 1/2-1/2

[Event "Early-Titled-Tuesday-Blitz-March-26-2024"]
[Site "Chess.com"]
[Date "2024.03.26"]
[Round "1"]
[White "SashaKuzhilniy"]
[Black "carloseduar100"]
[Result "1-0"]
[WhiteElo "2596"]
[BlackElo "2195"]
[TimeControl "180+1"]
[EndTime "8:06:20 PDT"]
[Termination "SashaKuzhilniy won by checkmate"]

1. d4 d5 2. c4 e5 3. e3 exd4 4. exd4 Nc6 5. Nf3 Nf6 6. Nc3 Bb4 7. Be2 dxc4 8. Bxc4 O-O 9. O-O Bg4 10. Be3 a6 11. h3 Bh5 12. a3 Bd6 13. Be2 Re8 14. Qb3 b5 15. Rfe1 Na5 16. Qc2 Nc4 17. Bxc4 bxc4 18. Nd2 c6 19. Nxc4 Bc7 20. Qa4 Qd7 21.
Rac1 Bg6 22. Na5 Qd6 23. g3 Re6 24. Nb7 Qe7 25. Nc5 Rd6 26. Bf4 Qd8 27. Nb7 Rxd4 28. Nxd8 Rxa4 29. Bxc7 Rd4 30. Nxc6 Rd2 31. Ne7+ Kh8 32.
Nxg6+ hxg6 33. b4 Rc8 34. Bf4 Rd3 35. Ne2 Rxc1 36. Rxc1 Rxa3 37. Nd4 Ra2 38. Nf3 Rb2 39. Rc8+ Kh7 40. Ng5+ Kh6 41. Rh8+ Nh7 42. Rxh7# 1-0

[Event "Early-Titled-Tuesday-Blitz-March-26-2024"]
[Site "Chess.com"]
[Date "2024.03.26"]
[Round "1"]
[White "StankovicIvan"]
[Black "Alexander_Donchenko"]
[Result "0-1"]
[WhiteElo "2498"]
[BlackElo "2902"]
[TimeControl "180+1"]
[EndTime "8:06:23 PDT"]
[Termination "Alexander_Donchenko won by resignation"]

1. e4 c6 2. d4 d5 3. e5 Bf5 4. h4 h5 5. Bg5 Qb6 6. Bd3 Qxd4 7.
Nf3 Qg4 8. Bxf5 Qxf5 9. c4 e6 10. O-O Be7 11. cxd5 exd5 12. Re1 Na6 13. Nc3 Nc5 14.
e6 Nxe6 15. Nd4 Qg4 16. Nxe6 fxe6 17. Qxg4 hxg4 18. Rxe6 Kf7 19. Rae1 Re8 20. b4 Bxg5 21. Rxe8 Bd2 22. R1e2 Bxc3 23. Rb8 b6 24. Ree8 Bxb4 25. Rec8 d4 26. Rxc6 Rxh4 27. g3 Rh5 28. Rd8 Bc5 29. Rc7+ Ne7 30. Rxa7 Re5 31. a4 Re1+ 32. Kg2 Ra1 33. Rd5 Ke6 34. Rdd7 Nc6 35. Rac7 Ne5 36. Rxg7 d3 37. Rg8 d2 38. Rd8 0-1

[Event "Early-Titled-Tuesday-Blitz-March-26-2024"]
[Site "Chess.com"]
[Date "2024.03.26"]
[Round "1"]
[White "JiiHart"]
[Black "JiaHaoxiang"]
[Result "1/2-1/2"]
[WhiteElo "2209"]
[BlackElo "2595"]
[TimeControl "180+1"]
[EndTime "8:06:23 PDT"]
[Termination "Game drawn - insufficient material"]

1. e4 c5 2. c3 d5 3. exd5 Qxd5 4. d4 Nf6 5. Nf3 e6 6. Na3 Nc6 7. Be3 cxd4 8. Nb5 Qd8 9. Nbxd4 Nxd4 10. Qxd4 Qxd4 11.
Bxd4 Be7 12. Bb5+ Bd7 13. Bxd7+ Nxd7 14. Rd1 f6 15. O-O e5 16. Be3 Nc5 17. Bxc5 Bxc5 18. Rd5 Bb6 19. Rfd1 Rd8 20. Rxd8+ Bxd8 21. Nd2 Ke7 22. Ne4 Bb6 23. Kf1 Rd8 24. Rxd8 Bxd8 25. Ke2 f5 26. Nd2 Ke6 27. f3 b5 28. Kd3 Kd5 29. b3 Bg5 30. c4+ bxc4+ 31. Nxc4 e4+ 32. fxe4+ fxe4+ 33. Ke2 Kd4 34. Na5 a6 35. h3 Kc3 36. Nc4 Bf4 37. g4 g6 38. Nb6 Kb2 39. Nd5 Bg5 40. Nb4 Ka3 41. Nxa6 Kxa2 42. Nc5 Be7 43.
Nxe4 Kxb3 44. Kd3 h5 45. gxh5 gxh5 46. Ng3 h4 47. Nf5 Bg5 48. Ke4 Kc4 49. Kf3 Kd5 50.
Kg4 Bd8 51. Nxh4 Ke6 52. Nf5 Kf7 53. h4 Bxh4 1/2-1/2

[Event "Early-Titled-Tuesday-Blitz-March-26-2024"]
[Site "Chess.com"]
[Date "2024.03.26"]
[Round "1"]
[White "jakopogi"]
[Black "Road2GM3000"]
[Result "1-0"]
[WhiteElo "2783"]
[BlackElo "2429"]
[TimeControl "180+1"]
[EndTime "8:06:24 PDT"]
[Termination "jakopogi won by resignation"]

1. e4 c5 2. Nc3 d6 3. g3 g6 4.
Bg2 Bg7 5. d3 e5 6. Nge2 Ne7 7.
O-O Nbc6 8. Be3 O-O 9. Qd2 f5 10. Bh6 f4 11. Bxg7 Kxg7 12. gxf4 Bg4 13. f3 Be6 14. Kh1 Nd4 15. fxe5 dxe5 16. f4 Qc7 17. fxe5 Qxe5 18. Nf4 Bf7 19. Rf2 b5 20. Raf1 b4 21.
Nd1 Ne6 22. Ne3 Nxf4 23. Rxf4 Qe6 24. Qf2 Qxa2 25. b3 Rfe8 26. Rxf7+ Kg8 27. Qf6 Qb2 28. Qxb2 1-0

[Event "Early-Titled-Tuesday-Blitz-March-26-2024"]
[Site "Chess.com"]
[Date "2024.03.26"]
[Round "1"]
[White "Likvidator228"]
[Black "pfalcon1949"]
[Result "1-0"]
[WhiteElo "2567"]
[BlackElo "2042"]
[TimeControl "180+1"]
[EndTime "8:06:24 PDT"]
[Termination "Likvidator228 won by resignation"]

1. d4 Nf6 2. c4 c5 3. d5 b5 4.
cxb5 a6 5. bxa6 g6 6. Nc3 Bg7 7. e4 O-O 8. Nf3 Qa5 9. Bd2 Bxa6 10. Bxa6 Qxa6 11. Qe2 Qxe2+ 12. Kxe2 d6 13. Rhe1 Nbd7 14.
Kf1 Rfb8 15. b3 Ng4 16. h3 Nge5 17. Nxe5 Nxe5 18. Ke2 c4 19. Reb1 cxb3 20. axb3 Rxa1 21. Rxa1 h6 22. Rb1 e6 23. f4 Nd7 24. dxe6 fxe6 25. b4 Kf7 26. Kd3 Ke7 27. Be3 h5 28. Bd4 Bxd4 29. Kxd4 e5+ 30. fxe5 dxe5+ 31. Kd3 Ke6 32. Nd5 Nb6 33. Nxb6 Rxb6 34. b5 Kd6 35. Kc4 Ke6 36. Kc5 Rb8 37. b6 Rc8+ 38. Kb5 Kd7 39.
Rd1+ Ke6 40. b7 Rb8 41. Kc6 Rf8 42. Kc7 1-0

[Event "Early-Titled-Tuesday-Blitz-March-26-2024"]
[Site "Chess.com"]
[Date "2024.03.26"]
[Round "1"]
[White "Chessmissile07"]
[Black "Pelusiansky"]
[Result "1-0"]
[WhiteElo "2933"]
[BlackElo "2516"]
[TimeControl "180+1"]
[EndTime "8:06:25 PDT"]
[Termination "Chessmissile07 won by resignation"]

1. a3 d5 2. d4 Nf6 3. Nf3 Bf5 4. e3 e6 5. Bd3 Bd6 6. O-O O-O 7. c4 Bxd3 8. Qxd3 c6 9. Nc3 Nbd7 10. e4 dxe4 11.
Nxe4 Nxe4 12. Qxe4 Qc7 13. Bg5 Rfe8 14. Rad1 Rac8 15.
Rfe1 h6 16. Bh4 c5 17. Bg3 Bxg3 18. hxg3 a6 19. b3 b5 20. d5 Nf6 21. Qe5 Qxe5 22. Nxe5 exd5 23. cxd5 Rcd8 24. Nc6 Rxe1+ 25. Rxe1 Rd6 26.
Rc1 Nxd5 27. Rxc5 Kh7 28. Kh2 Nf6 29. f3 Rd3 30. Na5 Rd6 31. Rc7 Kg6 32. Nc6 Rd7 33.
Ne5+ Kf5 34. Nxd7 1-0

[Event "Early-Titled-Tuesday-Blitz-March-26-2024"]
[Site "Chess.com"]
[Date "2024.03.26"]
[Round "1"]
[White "NastyaHn"]
[Black "Abund"]
[Result "0-1"]
[WhiteElo "2452"]
[BlackElo "2809"]
[TimeControl "180+1"]
[EndTime "8:06:25 PDT"]
[Termination "Abund won by resignation"]

1. Nc3 d5 2. e4 dxe4 3. Nxe4 Nf6 4. Nxf6+ exf6 5. d4 Bd6 6. Be3 O-O 7. Bd3 Re8 8. Ne2 Bg4 9. c3 Nd7 10. Qc2 h6 11.
O-O-O c6 12. h3 Be6 13. a3 b5 14. Be4 Bd5 15. Bxd5 cxd5 16. Qf5 Nb6 17. Qg4 Re4 18. Qf5 a5 19. Kc2 b4 20. axb4 axb4 21. Ra1 Rc8 22. Rhe1 Qc7 23. Bd2 b3+ 24. Kd1 Rce8 25. f3 R4e6 26. Qg4 Qc4 27. Nc1 Rxe1+ 28. Bxe1 Qf1 29. Qh4 Nc4 30. Qf2 Nxb2+ 31. Kd2 Bf4+ 0-1

[Event "Early-Titled-Tuesday-Blitz-March-26-2024"]
[Site "Chess.com"]
[Date "2024.03.26"]
[Round "1"]
[White "Charodej1"]
[Black "KNVB"]
[Result "0-1"]
[WhiteElo "2442"]
[BlackElo "2799"]
[TimeControl "180+1"]
[EndTime "8:06:25 PDT"]
[Termination "KNVB won by resignation"]

1. d4 Nf6 2. Nf3 e6 3. e3 b6 4.
b3 Bb7 5. Bb2 c5 6. Nbd2 Be7 7.
Bd3 O-O 8. O-O cxd4 9. exd4 d6 10. c4 Nbd7 11. Rc1 Re8 12. Re1 Bf8 13. Qc2 Rc8 14. Qb1 Rc7 15. Ng5 g6 16. Nge4 Nxe4 17. Nxe4 d5 18.
Ng3 Bg7 19. Re2 Qh4 20. cxd5 Rxc1+ 21. Qxc1 Bxd5 22. Qc7 Nf6 23. h3 Bxg2 24. Kxg2 Nd5 25. Re4 Qxe4+ 26. Bxe4 Nxc7 0-1

[Event "Early-Titled-Tuesday-Blitz-March-26-2024"]
[Site "Chess.com"]
[Date "2024.03.26"]
[Round "1"]
[White "Happy1712Drummer"]
[Black "klimkoj"]
[Result "0-1"]
[WhiteElo "2461"]
[BlackElo "2831"]
[TimeControl "180+1"]
[EndTime "8:06:26 PDT"]
[Termination "klimkoj won by checkmate"]

1. e4 e5 2. Nf3 Nc6 3. Nc3 Nf6 4. d4 exd4 5. Nd5 Nb4 6. Bd3 Nfxd5 7. exd5 Nxd3+ 8. Qxd3 Be7 9. O-O O-O 10. Nxd4 Bf6 11. d6 Be5 12. Nf5 Qf6 13. f4 Bxd6 14. Nxd6 cxd6 15.
Bd2 Qxb2 16. Bc3 Qb6+ 17. Kh1 d5 18. Rab1 Qc6 19. Rb5 b6 20. Rf3 Ba6 21. Rh3 f5 22. Qd4 Rf7 23. Rxd5 Bb7 24. Rd3 Qxd5 25. Qxd5 Bxd5 26.
Rxd5 Rc8 27. Rd3 Re7 28. Kg1 Re2 29. Be5 Rcxc2 30. Rxd7 Re1# 0-1

[Event "Early-Titled-Tuesday-Blitz-March-26-2024"]
[Site "Chess.com"]
[Date "2024.03.26"]
[Round "1"]
[White "jcibarra"]
[Black "ahmedkandiliii"]
[Result "1-0"]
[WhiteElo "3002"]
[BlackElo "2530"]
[TimeControl "180+1"]
[EndTime "8:06:30 PDT"]
[Termination "jcibarra won on time"]

1. e4 e5 2. Nf3 Nc6 3. Bb5 a6 4.
Bxc6 dxc6 5. O-O f6 6. d4 exd4 7. Nxd4 c5 8. Nb3 Qxd1 9. Rxd1 Bd6 10. Na5 Nh6 11. Bxh6 gxh6 12. Nc4 Be7 13. Nc3 Be6 14. Nd5 Bd8 15. Nce3 c6 16. Nf4 Bd7 17. Rd3 Bc7 18. Nh5 Be5 19. Nc4 O-O-O 20. Rad1 Bg4 21. Rxd8+ Rxd8 22. Rxd8+ Kxd8 23. Nxe5 Bxh5 24. Nd3 b6 25. f3 Bf7 26. a3 Kd7 27. Kf2 Kd6 28. Ke3 c4 29. Nf4 Kc5 30. g4 c3 31. b3 b5 32. Nd3+ Kb6 33. Kd4 a5 34. b4 c5+ 35.
Nxc5 axb4 36. axb4 Bc4 37. Nd7+ Kc6 38. Nxf6 Be2 39.
f4 Kd6 40. e5+ Ke6 41. f5+ Kf7 42. Kxc3 1-0

[Event "Early-Titled-Tuesday-Blitz-March-26-2024"]
[Site "Chess.com"]
[Date "2024.03.26"]
[Round "1"]
[White "Kazmin_Semyon"]
[Black "MikeSailer"]
[Result "1-0"]
[WhiteElo "2569"]
[BlackElo "2063"]
[TimeControl "180+1"]
[EndTime "8:06:30 PDT"]
[Termination "Kazmin_Semyon won by resignation"]

1. e4 d5 2. exd5 Qxd5 3. Nc3 Qd6 4. d4 c6 5. g3 Nf6 6. Bg2 Bf5 7. Nf3 e6 8. a3 a5 9. O-O Qc7 10. Ne5 Nbd7 11.
Nc4 Nb6 12. Bf4 Qd8 13. Ne3 Bg6 14. Re1 Bd6 15. Qf3 O-O 16. Rad1 Bxf4 17. Qxf4 Nbd5 18. Nexd5 Nxd5 19. Nxd5 cxd5 20. c3 b5 21. h4 h6 22.
Bf3 b4 23. axb4 axb4 24. h5 Bh7 25. Kg2 bxc3 26. bxc3 Ra2 27. g4 Qa5 28. Re3 Rc2 29.
g5 hxg5 30. Qxg5 Rxc3 31. h6 Bg6 32. hxg7 Kxg7 33. Qe5+ Kg8 34. Rh1 f6 35. Qxe6+ Kg7 36. Qd7+ Rf7 37. Qh3 Rf8 38. Re7+ 1-0

[Event "Early-Titled-Tuesday-Blitz-March-26-2024"]
[Site "Chess.com"]
[Date "2024.03.26"]
[Round "1"]
[White "gorgeous1083"]
[Black "PolandHussars"]
[Result "0-1"]
[WhiteElo "2034"]
[BlackElo "2567"]
[TimeControl "180+1"]
[EndTime "8:06:30 PDT"]
[Termination "PolandHussars won on time"]

1. d4 Nf6 2. c4 c5 3. d5 e6 4. Nc3 exd5 5. cxd5 d6 6. Bf4 a6 7. a4 Nh5 8. Bg3 g6 9. Nf3 Bg7 10. e3 O-O 11. Be2 Qe7 12. O-O Nxg3 13. hxg3 Bg4 14. Nd2 Bxe2 15. Qxe2 Nd7 16. Nc4 Rab8 17. a5 f5 18. Rfd1 Ne5 19. Na4 Rbe8 20. Nab6 Ng4 21. Rab1 Rd8 22. Qd3 Qg5 23. Nd2 Ne5 24. Qc2 Qh5 25.
b4 cxb4 26. Rxb4 Qe2 27. Rf1 Nd3 28. Rc4 Nc5 29. Nf3 Qxc2 30. Rxc2 h6 31. Rd1 Rfe8 32.
Nd4 Re4 33. Rdd2 Bxd4 34. Rxd4 Rxd4 35. exd4 Nb3 36. Rc7 Nxa5 0-1

[Event "Early-Titled-Tuesday-Blitz-March-26-2024"]
[Site "Chess.com"]
[Date "2024.03.26"]
[Round "1"]
[White "zverr1"]
[Black "ChessLover0108"]
[Result "0-1"]
[WhiteElo "2521"]
[BlackElo "2951"]
[TimeControl "180+1"]
[EndTime "8:06:31 PDT"]
[Termination "ChessLover0108 won by checkmate"]

1. e4 d6 2. d4 Nf6 3. Nc3 g6 4. h3 Bg7 5. Be3 O-O 6. Nge2 Nc6 7. g4 e5 8. Bg2 exd4 9. Nxd4 Re8 10. O-O Bd7 11. f4 Nxd4 12. Bxd4 Bc6 13. Qd3 Nd7 14. Bxg7 Kxg7 15. g5 Nc5 16. Qd4+ Kg8 17. Rae1 b5 18. Nd5 Bxd5 19. Qxd5 Rb8 20. h4 Na4 21. h5 c5 22.
hxg6 hxg6 23. Rf3 Qe7 24. Rh3 Qe6 25. Qd1 b4 26. b3 Nc3 27. Qf3 Kf8 28. f5 gxf5 29.
Rh8+ Kg7 30. Rh6 Qe5 31. Qh5 Rh8 32. Rf1 f4 33. Qg4 Rxh6 34. gxh6+ Kxh6 35. Kf2 Qd4+ 36. Ke1 Qe3+ 37. Qe2 Qxe2# 0-1